 Dungeon Crawl Stone Soup version 0.29-a0-559-g359e09b9d1 (webtiles) character file.

Game seed: 10618114209509999157

29 Hubjo the Insei (level 3, -2/27 HPs)
             Began as a Demonspawn Transmuter on June 9, 2022.
             Was a Believer of Cheibriados.
             Slain by a goblin
             ... wielding a +0 club
              (3 damage)
             ... on level 1 of the Dungeon.
             The game lasted 00:01:23 (1414 turns).

Hubjo the Insei (Demonspawn Transmuter)             Turns: 1414, Time: 00:01:24

Health: -2/27      AC:  2    Str: 14    XL:     3   Next: 1%
Magic:  6/6        EV: 12    Int: 18    God:    Cheibriados [**....]
Gold:   59         SH:  0    Dex: 19    Spells: 5/6 levels left

rFire   . . .      SeeInvis .     - Unarmed
rCold   . . .      Faith    .   (no shield)
rNeg    . . .      Spirit   .   a - +0 robe
rPois   .          Reflect  .   (no helmet)
rElec   .          Harm     .   (no cloak)
rCorr   .          Rampage  .   (no gloves)
Will    .....                   (no boots)
Stlth   ++........              (no amulet)
HPRegen 0.09/turn               (no ring)
MPRegen 0.20/turn               (no ring)

@: very slow
A: hooves 1, magic regeneration
a: Renounce Religion, Bend Time


You were on level 1 of the Dungeon.
You worshipped Cheibriados.
Cheibriados was pleased with you.
You visited 1 branch of the dungeon, and saw 1 of its levels.

You collected 59 gold pieces.

Inventory:

Armour
 a - a +0 robe (worn)
 g - a +1 cloak
Jewellery
 c - a ring of poison resistance
Scrolls
 d - 4 scrolls of identify {unknown}
Potions
 b - a potion of lignification
 e - a potion of ambrosia {unknown}
 f - a potion of heal wounds {unknown}


   Skills:
 * Level 2.0 Fighting
 - Level 1.7 Dodging
 + Level 0.9 Stealth
 + Level 2.9 Unarmed Combat
 + Level 2.2 Spellcasting
 + Level 2.0 Transmutations


You had 5 spell levels left.
You knew the following spells:

 Your Spells              Type           Power      Damage    Failure   Level
a - Beastly Appendage     Tmut           18%        N/A       8%          1

Your spell library contained the following spells:

 Spells                   Type           Power      Damage    Failure   Level
 Wereblood                Tmut           9%         N/A       12%         2
 Spider Form              Tmut/Pois      5%         N/A       34%         3
 Ice Form                 Ice/Tmut       5%         N/A       75%         4


Dungeon Overview and Level Annotations

Branches:
Dungeon (1/15)

Altars:
Cheibriados


Innate Abilities, Weirdness & Mutations

You have large cloven feet.
You regenerate magic rapidly.


Message History

Your transformation is almost over.
Your horns disappear.
You see here a +1 cloak.
g - a +1 cloak
There is an open door here.
You now have 59 gold pieces (gained 8).
Found a spear.
A goblin comes into view. It is wielding a +0 club.
A goblin is nearby!
A goblin is nearby!
A goblin is nearby!
The goblin shouts!
The goblin barely misses you. The goblin hits you with a +0 club.
The goblin completely misses you. The goblin closely misses you.
The goblin hits you with a +0 club. The goblin hits you with a +0 club.
The goblin hits you but does no damage. The goblin hits you with a +0 club.
The goblin hits you with a +0 club. The goblin misses you.
The goblin barely misses you. The goblin completely misses you.
The goblin misses you. The goblin hits you with a +0 club.
The goblin hits you with a +0 club. The goblin hits you with a +0 club.
The goblin hits you with a +0 club. The goblin hits you with a +0 club.
* * * LOW HITPOINT WARNING * * *
The goblin hits you with a +0 club.
* * * LOW HITPOINT WARNING * * *
The goblin completely misses you. The goblin hits you but does no damage.
The goblin hits you with a +0 club.
* * * LOW HITPOINT WARNING * * *
The goblin misses you. The goblin hits you with a +0 club.
You die...

#### #... #.##
######## #...
######......#######
####
#.................#
#...........@g.)..#
#.......####......#
#.......####......#
#.>........+......+
#.......####......#
..... #.......#
######## #....
#.......#######
#..).
##.###........#
#....
#...+........#
#....


You could see a goblin.

Vanquished Creatures
  5 ball pythons (D:1)
  2 bats (D:1)
  An endoplasm (D:1)
  2 giant cockroaches (D:1)
  A hobgoblin (D:1)
  7 jackals (D:1)
  A quokka (D:1)
  3 frilled lizards (D:1)
  2 kobolds (D:1)
  2 rats (D:1)
26 creatures vanquished.

Notes
Turn   | Place    | Note
-------+----------+-------------------------------------------
     0 | D:1      | Hubjo the Demonspawn Transmuter began the quest for the
                  | Orb.
     0 | D:1      | Reached XP level 1. HP: 15/15 MP: 3/3
    80 | D:1      | Found a faded altar of an unknown god.
   115 | D:1      | Prayed at the altar of an unknown god.
   115 | D:1      | Became a worshipper of Cheibriados the Contemplative
   115 | D:1      | Reached * piety under Cheibriados
   152 | D:1      | Gained mutation: You regenerate magic rapidly. [demonic
                  | ancestry]
   152 | D:1      | Reached XP level 2. HP: 21/21 MP: 3/5
   675 | D:1      | Reached ** piety under Cheibriados
  1312 | D:1      | Lost mutation: You have razor-sharp toenails. [demonic
                  | ancestry]
  1312 | D:1      | Lost mutation: You have sharp toenails. [demonic ancestry]
  1312 | D:1      | Gained mutation: You have large cloven feet. [demonic
                  | ancestry]
  1312 | D:1      | Reached XP level 3. HP: 23/27 MP: 6/6
  1412 | D:1      | HP: 1/27 [goblin/+0 club (1)]
  1414 | D:1      | Slain by a goblin

Illustrated notes

Levels and vault maps discovered:
D:1:      matt_arrival_los_fun, layout_basic,
          chequers_ecumenical_altar_simple_redux, minmay_shallow_snake_nest

Skill      XL: |  1  2 |
---------------+-------+-----
Transmutations | 2 |  2.0
Fighting       | 2 |  2.0
Dodging        | |  1.7
Stealth        | |  0.9
Unarmed Combat | |  2.9
Spellcasting   | |  2.2

Action                   || total
-------------------------++-------
Melee: Unarmed           ||    61
       Kick              ||    15
       Headbutt          ||    11
 Cast: Beastly Appendage ||    15
 Stab: Sleeping          ||     1
Armor: Robe              ||    14
Dodge: Dodged            ||    53

Table legend: (Time is in decaauts)
 A = Elapsed time spent in this place.
 B = Non-inter-level travel time spent in this place.
 C = Inter-level travel time spent in this place.
 D = Time resting spent in this place.
 E = Time spent auto-exploring this place.
 F = Levels seen in this place.
 G = Mean time per level.
                   A        B        C        D        E       F      G
               +--------+--------+--------+--------+--------+-----+--------+
         Total |   1741 |   1681 |     60 |      0 |   1473 |   1 | 1741.0 |
       Dungeon |   1741 |   1681 |     60 |      0 |   1473 |   1 | 1741.0 |
               +--------+--------+--------+--------+--------+-----+--------+

Top non-repeatable levels by time:
     D:1: 1741 daAuts
